[ PARTIDA AOE2 · #471220193 ]
UnrankedLituanos vs Khmer
[ ANÁLISIS DE REPETICIÓN · EXTRAÍDO DE LA PARTIDA GRABADA ]
Feudal
12:13
Castillos
17:35
Imperial
35:49
| APM promedio | 16.3 |
| APM pico | 36 |
| eAPM promedio | 9.4 |
| Aldeanos / militares | 77 / 30 |
Foco
⚔️ 23.8% · 🌾 76.2%
Skirmisher ×14 · Leitis ×6 · Knight ×4 · Battering Ram ×2 · Trebuchet (Packed) ×2 · Monk ×2
Feudal
11:46
Castillos
20:46
Imperial
46:22
| APM promedio | 16.1 |
| APM pico | 44 |
| eAPM promedio | 10.7 |
| Aldeanos / militares | 104 / 24 |
Foco
⚔️ 13.9% · 🌾 86.1%
Ballista Elephant ×24
Feudal
13:58
Castillos
22:41
Imperial
45:08
| APM promedio | 24.4 |
| APM pico | 67 |
| eAPM promedio | 15.6 |
| Aldeanos / militares | 130 / 86 |
Foco
⚔️ 24.3% · 🌾 75.7%
Skirmisher ×45 · Steppe Lancer ×10 · Iron Pagoda ×10 · Scorpion ×6 · Spearman ×5 · Fishing Ship ×5
Feudal
14:45
Castillos
25:20
Imperial
34:54
| APM promedio | 22.2 |
| APM pico | 56 |
| eAPM promedio | 15.6 |
| Aldeanos / militares | 127 / 93 |
Foco
⚔️ 22.3% · 🌾 77.7%
Hand Cannoneer ×79 · Monk ×4 · Cataphract ×4 · Trebuchet (Packed) ×3 · Militia ×1 · Skirmisher ×1
Feudal
14:23
Castillos
24:39
Imperial
41:53
| APM promedio | 11.1 |
| APM pico | 37 |
| eAPM promedio | 9.2 |
| Aldeanos / militares | 103 / 302 |
Foco
⚔️ 38.2% · 🌾 61.8%
Skirmisher ×205 · Spearman ×31 · Elephant Archer ×29 · Militia ×28 · Armored Elephant ×9
Feudal
12:14
Castillos
17:15
Imperial
31:06
| APM promedio | 28.6 |
| APM pico | 94 |
| eAPM promedio | 14.5 |
| Aldeanos / militares | 125 / 249 |
Foco
⚔️ 26.7% · 🌾 73.3%
Chu Ko Nu ×154 · Spearman ×86 · Trebuchet (Packed) ×6 · Iron Pagoda ×2 · Monk ×1
Feudal
12:53
Castillos
21:27
Imperial
35:13
| APM promedio | 12.7 |
| APM pico | 28 |
| eAPM promedio | 9.5 |
| Aldeanos / militares | 95 / 165 |
Foco
⚔️ 21.6% · 🌾 78.4%
Spearman ×60 · Knight ×54 · Teutonic Knight ×35 · Trade Cart ×17 · Battering Ram ×9 · Mangonel ×7
Feudal
13:41
Castillos
31:07
Imperial
45:26
| APM promedio | 26.1 |
| APM pico | 46 |
| eAPM promedio | 14.4 |
| Aldeanos / militares | 92 / 91 |
Foco
⚔️ 24.4% · 🌾 75.6%
Spearman ×47 · Battering Ram ×16 · Archer ×15 · Militia ×11 · Fishing Ship ×8 · Monk ×2
Mapa de la partida
Recursos iniciales + cada clic de construcción. Líneas = muros · curvas = relieve. ◆ oro · ⬟ piedra · ● bayas · ✦ reliquia · ◌ hueco del cierre
Tu base· ✓ Cerrada en 17:35 · 9t muro · sin puerta
Base de FloxAoE· Abierta — el rival se encerró
Base de Ratbass· ✓ Cerrada en 22:41 · 62t muro · sin puerta
Base de Miley· Abierta — el rival se encerró
Base de bbartekkhhh· ✓ Cerrada en 24:39 · 53t muro · sin puerta
Base de 海恩.塞弗罗· Abierta — el rival se encerró
Base de Neby· ✓ Cerrada en 21:27 · 0t muro · sin puerta
Base de Biscoitoso· Abierta — el rival se encerró
Terreno inicial suavizado · ◌ = hueco del cierre detectado · pasá el cursor para detalles
Inputs por minuto
— Fluvialgeomorphologist - - FloxAoE
Build order — Fluvialgeomorphologist
Primeras 150 de 185 acciones detectadas
| 0:04 | Crear | Villager (Male) |
| 0:04 | Crear | Villager (Male) |
| 0:04 | Crear | Villager (Male) |
| 0:07 | Construir | House |
| 0:09 | Construir | House |
| 0:57 | Crear | Villager (Male) |
| 0:57 | Crear | Villager (Male) |
| 0:57 | Crear | Villager (Male) |
| 0:58 | Crear | Villager (Male) |
| 1:16 | Investigar | Loom |
| 1:17 | Crear | Villager (Male) |
| 1:17 | Crear | Villager (Male) |
| 1:18 | Crear | Villager (Male) |
| 1:19 | Crear | Villager (Male) |
| 1:44 | Construir | House |
| 1:45 | Construir | House |
| 1:55 | Crear | Villager (Male) |
| 1:55 | Crear | Villager (Male) |
| 2:25 | Construir | House |
| 2:26 | Construir | House |
| 3:04 | Construir | Palisade Wall |
| 3:13 | Crear | Villager (Male) |
| 3:13 | Crear | Villager (Male) |
| 4:28 | Construir | Lumber Camp |
| 4:36 | Crear | Villager (Male) |
| 4:37 | Crear | Villager (Male) |
| 4:37 | Crear | Villager (Male) |
| 4:37 | Crear | Villager (Male) |
| 5:00 | Crear | Villager (Male) |
| 5:01 | Crear | Villager (Male) |
| 5:01 | Crear | Villager (Male) |
| 7:07 | Crear | Villager (Male) |
| 7:08 | Crear | Villager (Male) |
| 7:08 | Crear | Villager (Male) |
| 7:25 | Construir | Mill |
| 7:42 | Crear | Villager (Male) |
| 7:42 | Crear | Villager (Male) |
| 7:43 | Crear | Villager (Male) |
| 8:13 | Construir | Palisade Wall |
| 8:30 | Construir | Mining Camp |
| 10:03 | Investigar | Feudal Age |
| 12:13 | Edad | Edad Feudal |
| 12:40 | Construir | Market |
| 12:55 | Construir | Blacksmith |
| 13:12 | Investigar | Double-Bit Axe |
| 14:12 | Investigar | Horse Collar |
| 14:32 | Construir | Barracks |
| 14:55 | Investigar | Castle Age |
| 15:13 | Construir | Mining Camp |
| 15:19 | Investigar | Stone Mining |
| 15:20 | Investigar | Gold Mining |
| 15:54 | Construir | Farm |
| 15:59 | Construir | Farm |
| 16:52 | Construir | Farm |
| 16:54 | Construir | Farm |
| 16:55 | Construir | Farm |
| 16:59 | Construir | Farm |
| 17:31 | Crear | Villager (Male) |
| 17:35 | Edad | Edad de los Castillos |
| 17:38 | Construir | House |
| 17:42 | Investigar | Wheelbarrow |
| 18:14 | Construir | Town Center |
| 18:37 | Construir | Town Center |
| 18:46 | Crear | Villager (Male) |
| 18:47 | Crear | Villager (Male) |
| 18:55 | Investigar | Bow Saw |
| 19:23 | Crear | Villager (Male) |
| 19:23 | Crear | Villager (Male) |
| 20:10 | Construir | Stable |
| 20:23 | Crear | Villager (Male) ×4 |
| 20:35 | Construir | Watch Tower |
| 20:53 | Crear | Knight |
| 20:53 | Crear | Knight |
| 21:16 | Construir | Farm |
| 21:16 | Construir | Farm |
| 21:16 | Construir | Farm |
| 21:22 | Construir | Farm |
| 21:27 | Construir | Farm |
| 21:27 | Construir | Farm |
| 21:27 | Construir | Farm |
| 21:32 | Construir | Farm |
| 21:32 | Construir | Farm |
| 21:36 | Crear | Knight |
| 23:20 | Crear | Villager (Male) ×5 |
| 23:24 | Crear | Knight |
| 23:39 | Investigar | Bloodlines |
| 23:53 | Crear | Villager (Male) ×5 |
| 24:17 | Construir | House |
| 24:18 | Construir | House |
| 24:21 | Construir | House |
| 24:34 | Construir | Farm |
| 24:42 | Construir | Siege Workshop |
| 25:33 | Crear | Battering Ram |
| 27:01 | Construir | Castle |
| 27:41 | Crear | Battering Ram |
| 31:20 | Construir | Town Center |
| 32:39 | Investigar | Imperial Age |
| 34:50 | Crear | Villager (Male) |
| 34:50 | Crear | Villager (Male) |
| 34:50 | Crear | Villager (Male) |
| 34:50 | Crear | Villager (Male) |
| 34:51 | Crear | Villager (Male) |
| 34:51 | Crear | Villager (Male) |
| 34:51 | Crear | Villager (Male) |
| 34:52 | Crear | Villager (Male) |
| 34:52 | Crear | Villager (Male) |
| 34:52 | Crear | Villager (Male) |
| 34:52 | Crear | Villager (Male) |
| 35:44 | Construir | Lumber Camp |
| 35:49 | Edad | Edad Imperial |
| 35:52 | Construir | Lumber Camp |
| 36:02 | Crear | Trebuchet (Packed) |
| 36:09 | Investigar | Elite Leitis (upgrade) |
| 36:10 | Investigar | Conscription |
| 36:28 | Construir | Monastery |
| 37:06 | Crear | Villager (Male) |
| 37:07 | Crear | Villager (Male) |
| 37:07 | Crear | Villager (Male) |
| 37:07 | Crear | Villager (Male) |
| 37:08 | Crear | Villager (Male) |
| 37:51 | Construir | Farm |
| 37:51 | Construir | Farm |
| 37:52 | Construir | Farm |
| 37:55 | Construir | Farm |
| 38:08 | Construir | Farm |
| 38:09 | Construir | Farm |
| 38:10 | Construir | Farm |
| 38:12 | Crear | Villager (Male) |
| 38:34 | Construir | Farm |
| 38:39 | Construir | Farm |
| 39:09 | Construir | Blacksmith |
| 39:15 | Crear | Monk |
| 39:17 | Crear | Monk |
| 39:35 | Construir | Stable |
| 39:58 | Crear | Villager (Male) ×5 |
| 39:59 | Crear | Villager (Male) ×5 |
| 40:21 | Investigar | Scale Barding Armor |
| 40:22 | Investigar | Padded Archer Armor |
| 40:22 | Investigar | Fletching |
| 40:29 | Crear | Leitis |
| 40:29 | Crear | Leitis |
| 40:29 | Crear | Leitis |
| 40:30 | Crear | Leitis |
| 40:30 | Crear | Leitis |
| 40:30 | Crear | Leitis |
| 40:46 | Construir | Archery Range |
| 40:47 | Construir | Archery Range |
| 40:49 | Construir | Archery Range |
| 41:02 | Construir | House |
| 41:03 | Construir | House |
Build order — FloxAoE
Primeras 150 de 192 acciones detectadas
| 0:06 | Construir | House |
| 0:07 | Construir | House |
| 0:08 | Construir | House |
| 0:10 | Crear | Villager (Male) |
| 0:10 | Crear | Villager (Male) |
| 0:10 | Crear | Villager (Male) |
| 0:11 | Crear | Villager (Male) |
| 0:11 | Crear | Villager (Male) |
| 1:42 | Crear | Villager (Male) |
| 2:21 | Crear | Villager (Male) |
| 2:47 | Crear | Villager (Male) |
| 3:13 | Crear | Villager (Male) |
| 3:32 | Crear | Villager (Male) |
| 3:50 | Crear | Villager (Male) |
| 4:03 | Crear | Villager (Male) |
| 4:15 | Crear | Villager (Male) |
| 4:53 | Crear | Villager (Male) |
| 5:27 | Crear | Villager (Male) |
| 5:29 | Crear | Villager (Male) |
| 5:30 | Crear | Villager (Male) |
| 6:38 | Crear | Villager (Male) |
| 6:42 | Construir | House |
| 6:47 | Crear | Villager (Male) |
| 8:00 | Construir | Mill |
| 8:07 | Construir | Lumber Camp |
| 8:10 | Crear | Villager (Male) |
| 9:09 | Crear | Villager (Male) |
| 9:15 | Investigar | Feudal Age |
| 9:36 | Investigar | Feudal Age |
| 10:23 | Crear | Villager (Male) |
| 11:00 | Crear | Villager (Male) |
| 11:46 | Edad | Edad Feudal |
| 11:48 | Crear | Villager (Male) |
| 11:58 | Investigar | Double-Bit Axe |
| 12:02 | Investigar | Horse Collar |
| 12:51 | Construir | House |
| 12:53 | Construir | House |
| 13:03 | Construir | House |
| 13:28 | Construir | Farm |
| 13:28 | Construir | Farm |
| 13:29 | Construir | Farm |
| 13:29 | Construir | Farm |
| 13:29 | Construir | Farm |
| 13:29 | Construir | Farm |
| 13:30 | Construir | Farm |
| 13:30 | Construir | Farm |
| 13:32 | Construir | Farm |
| 13:32 | Construir | Farm |
| 13:33 | Construir | Farm |
| 13:33 | Construir | Farm |
| 13:34 | Construir | Farm |
| 13:40 | Construir | Farm |
| 13:42 | Construir | Farm |
| 14:01 | Construir | Farm |
| 14:41 | Construir | Farm |
| 14:43 | Crear | Villager (Male) ×5 |
| 15:22 | Construir | Mining Camp |
| 16:08 | Investigar | Gold Mining |
| 16:50 | Crear | Villager (Male) |
| 16:55 | Crear | Villager (Male) |
| 16:56 | Crear | Villager (Male) |
| 17:04 | Construir | Blacksmith |
| 17:08 | Construir | Market |
| 18:06 | Investigar | Castle Age |
| 19:20 | Crear | Villager (Male) |
| 19:20 | Crear | Villager (Male) |
| 20:46 | Edad | Edad de los Castillos |
| 21:25 | Construir | Castle |
| 21:31 | Construir | House |
| 21:33 | Construir | House |
| 21:36 | Construir | House |
| 21:45 | Construir | House |
| 21:48 | Construir | House |
| 21:49 | Crear | Villager (Male) |
| 21:50 | Crear | Villager (Male) |
| 21:55 | Construir | Town Center |
| 21:58 | Investigar | Bow Saw |
| 22:02 | Investigar | Heavy Plow |
| 22:05 | Investigar | Scale Barding Armor |
| 22:07 | Investigar | Gold Shaft Mining |
| 22:17 | Crear | Villager (Male) |
| 22:17 | Crear | Villager (Male) |
| 23:27 | Construir | Castle |
| 24:43 | Investigar | Loom |
| 24:47 | Crear | Villager (Male) ×5 |
| 24:50 | Crear | Villager (Male) ×5 |
| 25:30 | Investigar | Fletching |
| 25:30 | Investigar | Chain Barding Armor |
| 26:04 | Crear | Villager (Male) |
| 26:07 | Crear | Villager (Male) |
| 26:09 | Crear | Villager (Male) |
| 26:11 | Crear | Villager (Male) |
| 26:39 | Construir | Castle |
| 27:21 | Crear | Ballista Elephant |
| 27:23 | Crear | Ballista Elephant |
| 27:59 | Crear | Ballista Elephant |
| 28:13 | Investigar | Bodkin Arrow |
| 28:16 | Investigar | Wheelbarrow |
| 28:20 | Crear | Villager (Male) |
| 28:26 | Crear | Villager (Male) |
| 28:47 | Crear | Ballista Elephant |
| 29:21 | Crear | Ballista Elephant |
| 29:21 | Crear | Ballista Elephant |
| 29:24 | Crear | Ballista Elephant |
| 30:05 | Crear | Ballista Elephant |
| 30:07 | Crear | Ballista Elephant |
| 30:35 | Crear | Ballista Elephant |
| 30:35 | Crear | Ballista Elephant |
| 30:56 | Construir | Mining Camp |
| 31:54 | Crear | Ballista Elephant ×4 |
| 33:28 | Crear | Ballista Elephant ×5 |
| 33:29 | Crear | Ballista Elephant |
| 34:16 | Crear | Ballista Elephant |
| 34:17 | Crear | Ballista Elephant |
| 34:21 | Crear | Villager (Male) ×2 |
| 34:38 | Crear | Villager (Male) ×5 |
| 34:39 | Crear | Villager (Male) |
| 37:18 | Construir | Farm |
| 37:18 | Construir | Farm |
| 37:19 | Construir | Farm |
| 37:19 | Construir | Farm |
| 37:19 | Construir | Farm |
| 37:19 | Construir | Farm |
| 37:20 | Construir | Farm |
| 37:20 | Construir | Farm |
| 37:20 | Construir | Farm |
| 37:20 | Construir | Farm |
| 37:21 | Construir | Farm |
| 37:21 | Construir | Farm |
| 37:21 | Construir | Farm |
| 37:24 | Crear | Villager (Male) ×5 |
| 37:26 | Crear | Villager (Male) ×5 |
| 37:49 | Construir | Castle |
| 38:15 | Construir | House |
| 38:16 | Construir | House |
| 38:17 | Construir | House |
| 38:19 | Construir | House |
| 38:24 | Construir | House |
| 38:26 | Construir | House |
| 38:27 | Construir | House |
| 38:28 | Construir | House |
| 38:30 | Construir | House |
| 38:31 | Construir | House |
| 38:32 | Construir | House |
| 38:34 | Construir | House |
| 39:20 | Construir | Mining Camp |
| 40:01 | Construir | Town Center |
| 40:15 | Construir | Lumber Camp |
| 40:18 | Construir | Lumber Camp |
| 40:24 | Construir | Lumber Camp |
Build order — Ratbass
Primeras 150 de 326 acciones detectadas
| 0:03 | Crear | Villager (Male) |
| 0:05 | Construir | House |
| 0:06 | Construir | House |
| 0:43 | Crear | Villager (Male) |
| 0:43 | Crear | Villager (Male) |
| 0:44 | Crear | Villager (Male) |
| 0:44 | Crear | Villager (Male) |
| 0:58 | Construir | Palisade Wall |
| 2:43 | Construir | Palisade Wall |
| 2:45 | Construir | Palisade Wall |
| 2:55 | Construir | Palisade Wall |
| 2:58 | Construir | Palisade Wall |
| 3:00 | Construir | Palisade Wall |
| 3:02 | Construir | Palisade Wall |
| 3:06 | Crear | Villager (Male) |
| 3:28 | Crear | Villager (Male) |
| 3:28 | Crear | Villager (Male) |
| 4:06 | Construir | Lumber Camp |
| 4:10 | Crear | Villager (Male) |
| 4:44 | Crear | Villager (Male) |
| 5:08 | Crear | Villager (Male) |
| 5:08 | Crear | Villager (Male) |
| 5:12 | Construir | House |
| 5:59 | Investigar | Loom |
| 6:04 | Crear | Villager (Male) |
| 6:05 | Crear | Villager (Male) |
| 6:44 | Crear | Villager (Male) |
| 6:44 | Crear | Villager (Male) |
| 6:45 | Crear | Villager (Male) |
| 7:32 | Crear | Villager (Male) |
| 7:32 | Crear | Villager (Male) |
| 7:32 | Crear | Villager (Male) |
| 7:33 | Crear | Villager (Male) |
| 7:48 | Construir | Mill |
| 8:30 | Construir | House |
| 9:18 | Crear | Villager (Male) |
| 9:19 | Crear | Villager (Male) |
| 9:19 | Crear | Villager (Male) |
| 9:20 | Crear | Villager (Male) |
| 9:20 | Crear | Villager (Male) |
| 10:06 | Construir | Pasture |
| 10:27 | Crear | Villager (Male) |
| 10:30 | Construir | House |
| 11:23 | Investigar | Feudal Age |
| 11:36 | Construir | Barracks |
| 12:04 | Construir | Mill |
| 12:22 | Construir | Mining Camp |
| 12:36 | Crear | Militia |
| 12:36 | Crear | Militia |
| 12:36 | Crear | Militia |
| 13:11 | Crear | Villager (Male) |
| 13:19 | Construir | Lumber Camp |
| 13:28 | Construir | House |
| 13:45 | Crear | Militia |
| 13:58 | Edad | Edad Feudal |
| 13:59 | Crear | Spearman |
| 14:08 | Construir | Watch Tower |
| 14:17 | Crear | Villager (Male) |
| 14:18 | Crear | Villager (Male) |
| 14:37 | Crear | Spearman |
| 14:38 | Crear | Spearman |
| 15:11 | Construir | Stable |
| 15:19 | Crear | Villager (Male) |
| 15:35 | Construir | Palisade Wall |
| 15:36 | Construir | Palisade Wall |
| 15:38 | Construir | Palisade Wall |
| 15:41 | Crear | Spearman |
| 15:50 | Construir | Stone Wall |
| 15:52 | Construir | Stone Wall |
| 16:05 | Crear | Villager (Male) |
| 16:06 | Crear | Villager (Male) |
| 16:09 | Construir | Pasture |
| 16:20 | Construir | Dock |
| 16:34 | Crear | Scout Cavalry |
| 17:02 | Construir | Market |
| 17:14 | Crear | Villager (Male) |
| 17:15 | Crear | Villager (Male) |
| 17:25 | Crear | Spearman |
| 17:28 | Crear | Scout Cavalry |
| 17:38 | Crear | Fishing Ship |
| 17:56 | Construir | Mining Camp |
| 18:15 | Construir | House |
| 19:25 | Construir | Stone Wall |
| 19:36 | Crear | Villager (Male) |
| 19:47 | Construir | Pasture |
| 19:51 | Construir | Pasture |
| 19:59 | Investigar | Castle Age |
| 20:06 | Construir | Stone Wall |
| 20:27 | Construir | Gate |
| 21:22 | Construir | Stable |
| 22:10 | Construir | Stone Wall |
| 22:12 | Construir | Stone Wall |
| 22:26 | Construir | Palisade Wall |
| 22:28 | Construir | Palisade Wall |
| 22:29 | Construir | Palisade Wall |
| 22:36 | Crear | Villager (Male) |
| 22:37 | Crear | Villager (Male) |
| 22:38 | Crear | Villager (Male) |
| 22:41 | Edad | Edad de los Castillos |
| 22:42 | Construir | Pasture |
| 22:57 | Construir | Town Center |
| 23:07 | Crear | Villager (Male) |
| 23:07 | Crear | Villager (Male) |
| 23:08 | Crear | Villager (Male) |
| 23:28 | Crear | Villager (Male) |
| 23:33 | Crear | Steppe Lancer |
| 23:34 | Crear | Steppe Lancer |
| 23:50 | Construir | Blacksmith |
| 24:15 | Crear | Steppe Lancer |
| 24:21 | Investigar | Scale Barding Armor |
| 24:31 | Construir | Siege Workshop |
| 24:33 | Crear | Scout Cavalry |
| 24:58 | Crear | Steppe Lancer |
| 24:59 | Crear | Steppe Lancer |
| 25:25 | Crear | Iron Pagoda |
| 26:18 | Crear | Scorpion |
| 26:19 | Crear | Scorpion |
| 26:24 | Construir | Stone Wall |
| 26:54 | Construir | Castle |
| 26:58 | Construir | Stone Wall |
| 27:00 | Construir | Stone Wall |
| 27:02 | Construir | Stone Wall |
| 27:06 | Construir | Stone Wall |
| 27:28 | Crear | Villager (Male) |
| 27:28 | Crear | Villager (Male) |
| 27:28 | Crear | Villager (Male) |
| 27:29 | Crear | Villager (Male) |
| 27:29 | Crear | Villager (Male) |
| 27:48 | Construir | Castle |
| 28:06 | Construir | Stone Wall |
| 28:09 | Crear | Iron Pagoda |
| 28:16 | Crear | Villager (Male) |
| 28:17 | Crear | Villager (Male) |
| 28:17 | Crear | Villager (Male) |
| 28:18 | Crear | Villager (Male) |
| 28:22 | Crear | Fishing Ship |
| 28:36 | Construir | Fish Trap |
| 28:55 | Crear | Villager (Male) |
| 28:56 | Crear | Villager (Male) |
| 28:56 | Crear | Villager (Male) |
| 28:57 | Crear | Villager (Male) |
| 29:11 | Construir | Pasture |
| 29:22 | Crear | Villager (Male) |
| 29:27 | Crear | Villager (Male) |
| 29:28 | Crear | Villager (Male) |
| 29:56 | Construir | Castle |
| 30:04 | Crear | Iron Pagoda |
| 30:45 | Investigar | Fletching |
| 30:46 | Crear | Villager (Male) |
| 30:46 | Crear | Villager (Male) |
Build order — Miley
Primeras 150 de 283 acciones detectadas
| 0:02 | Crear | Villager (Male) ×4 |
| 0:03 | Construir | House |
| 0:04 | Construir | House |
| 0:15 | Construir | Palisade Wall |
| 0:31 | Investigar | Loom |
| 1:04 | Crear | Villager (Male) |
| 1:04 | Crear | Villager (Male) |
| 1:05 | Crear | Villager (Male) |
| 1:05 | Crear | Villager (Male) |
| 1:16 | Construir | Palisade Wall |
| 1:17 | Construir | Palisade Wall |
| 1:19 | Construir | Palisade Wall |
| 3:15 | Crear | Villager (Male) |
| 3:15 | Crear | Villager (Male) |
| 3:15 | Crear | Villager (Male) |
| 3:44 | Crear | Villager (Male) |
| 4:17 | Crear | Villager (Male) |
| 5:00 | Construir | Palisade Wall |
| 5:06 | Crear | Villager (Male) |
| 5:15 | Construir | Mill |
| 5:24 | Construir | Palisade Wall |
| 5:28 | Construir | Palisade Wall |
| 5:49 | Construir | Palisade Wall |
| 5:55 | Construir | Palisade Wall |
| 6:08 | Crear | Villager (Male) |
| 6:09 | Crear | Villager (Male) |
| 6:41 | Crear | Villager (Male) |
| 6:42 | Crear | Villager (Male) |
| 6:57 | Construir | Mill |
| 7:08 | Crear | Villager (Male) |
| 7:08 | Crear | Villager (Male) |
| 7:19 | Construir | House |
| 7:35 | Crear | Villager (Male) |
| 7:35 | Crear | Villager (Male) |
| 8:07 | Construir | Palisade Wall |
| 8:09 | Crear | Villager (Male) |
| 8:53 | Construir | House |
| 9:20 | Crear | Villager (Male) |
| 9:46 | Crear | Villager (Male) |
| 9:51 | Construir | Lumber Camp |
| 10:15 | Crear | Villager (Male) |
| 10:46 | Crear | Villager (Male) |
| 11:16 | Crear | Villager (Male) |
| 11:17 | Crear | Villager (Male) |
| 11:48 | Crear | Villager (Male) |
| 11:49 | Crear | Villager (Male) |
| 12:34 | Investigar | Feudal Age |
| 12:37 | Construir | House |
| 12:54 | Construir | Palisade Wall |
| 13:29 | Crear | Villager (Male) |
| 13:31 | Construir | Barracks |
| 13:36 | Construir | Farm |
| 13:36 | Construir | Farm |
| 13:36 | Construir | Farm |
| 13:36 | Construir | Farm |
| 13:37 | Construir | Farm |
| 13:37 | Construir | Farm |
| 14:18 | Construir | Palisade Wall |
| 14:19 | Construir | Palisade Wall |
| 14:20 | Construir | Palisade Wall |
| 14:22 | Construir | Palisade Wall |
| 14:45 | Edad | Edad Feudal |
| 14:55 | Crear | Militia |
| 14:58 | Construir | Archery Range |
| 15:50 | Construir | Farm |
| 15:50 | Construir | Farm |
| 15:51 | Construir | Farm |
| 15:51 | Construir | Farm |
| 15:51 | Construir | Farm |
| 16:12 | Crear | Skirmisher |
| 16:16 | Crear | Villager (Male) |
| 16:16 | Crear | Villager (Male) |
| 16:17 | Crear | Villager (Male) |
| 16:44 | Crear | Spearman |
| 16:48 | Construir | House |
| 16:48 | Construir | House |
| 16:50 | Construir | House |
| 17:43 | Crear | Villager (Male) |
| 17:43 | Crear | Villager (Male) |
| 18:57 | Construir | Palisade Wall |
| 19:17 | Investigar | Wheelbarrow |
| 19:19 | Investigar | Double-Bit Axe |
| 19:21 | Investigar | Horse Collar |
| 19:21 | Investigar | Horse Collar |
| 20:09 | Construir | Farm |
| 20:09 | Construir | Farm |
| 20:09 | Construir | Farm |
| 20:09 | Construir | Farm |
| 20:10 | Construir | Farm |
| 20:36 | Crear | Villager (Male) |
| 20:36 | Crear | Villager (Male) |
| 20:45 | Construir | Market |
| 20:50 | Construir | Blacksmith |
| 21:18 | Construir | Mining Camp |
| 22:01 | Construir | Mill |
| 22:09 | Crear | Villager (Male) |
| 22:40 | Investigar | Castle Age |
| 22:41 | Investigar | Castle Age |
| 22:45 | Construir | Mining Camp |
| 23:16 | Crear | Villager (Male) |
| 23:16 | Crear | Villager (Male) |
| 23:16 | Crear | Villager (Male) |
| 23:59 | Crear | Villager (Male) |
| 24:38 | Construir | Stone Wall |
| 24:57 | Investigar | Forging |
| 25:20 | Edad | Edad de los Castillos |
| 25:23 | Investigar | Pikeman (upgrade) |
| 25:30 | Construir | Town Center |
| 25:53 | Construir | Town Center |
| 25:58 | Crear | Villager (Male) |
| 25:58 | Crear | Villager (Male) |
| 26:06 | Construir | Mining Camp |
| 26:49 | Construir | House |
| 26:50 | Construir | House |
| 27:04 | Crear | Villager (Male) |
| 27:05 | Crear | Villager (Male) |
| 27:32 | Crear | Villager (Male) |
| 27:33 | Crear | Villager (Male) |
| 27:35 | Crear | Villager (Male) |
| 27:37 | Crear | Villager (Male) |
| 28:07 | Construir | University |
| 28:09 | Crear | Villager (Male) |
| 28:10 | Crear | Villager (Male) |
| 28:15 | Crear | Villager (Male) ×5 |
| 28:15 | Crear | Villager (Male) ×5 |
| 28:15 | Crear | Villager (Male) ×5 |
| 28:16 | Crear | Villager (Male) ×5 |
| 28:16 | Crear | Villager (Male) ×3 |
| 28:59 | Construir | Archery Range |
| 29:00 | Construir | Archery Range |
| 29:02 | Construir | Archery Range |
| 29:22 | Investigar | Ballistics |
| 29:31 | Crear | Villager (Male) |
| 29:31 | Crear | Villager (Male) |
| 29:32 | Crear | Villager (Male) |
| 29:33 | Crear | Villager (Male) |
| 29:37 | Construir | Farm |
| 29:37 | Construir | Farm |
| 29:38 | Construir | Farm |
| 29:38 | Construir | Farm |
| 29:38 | Construir | Farm |
| 29:38 | Construir | Farm |
| 29:38 | Construir | Farm |
| 29:39 | Construir | Farm |
| 29:39 | Construir | Farm |
| 29:46 | Construir | Archery Range |
| 30:31 | Construir | Archery Range |
| 30:54 | Construir | Monastery |
| 30:58 | Construir | House |
| 30:59 | Construir | House |
Build order — bbartekkhhh
Primeras 150 de 264 acciones detectadas
| 0:07 | Crear | Villager (Male) |
| 0:07 | Investigar | Loom |
| 0:08 | Crear | Villager (Male) ×3 |
| 0:15 | Construir | House |
| 0:18 | Construir | House |
| 0:18 | Construir | House |
| 0:21 | Construir | House |
| 1:07 | Construir | Palisade Wall |
| 2:06 | Construir | Palisade Wall |
| 2:49 | Crear | Villager (Male) |
| 2:50 | Crear | Villager (Male) |
| 4:03 | Crear | Villager (Male) |
| 4:03 | Crear | Villager (Male) |
| 4:21 | Crear | Villager (Male) |
| 4:21 | Crear | Villager (Male) |
| 4:53 | Crear | Villager (Male) |
| 4:53 | Crear | Villager (Male) |
| 5:14 | Crear | Villager (Male) ×2 |
| 5:14 | Crear | Villager (Male) ×2 |
| 5:56 | Crear | Villager (Male) |
| 5:56 | Crear | Villager (Male) |
| 6:14 | Construir | Mill |
| 7:05 | Crear | Villager (Male) ×4 |
| 7:05 | Crear | Villager (Male) ×4 |
| 7:42 | Crear | Villager (Male) |
| 8:12 | Crear | Villager (Male) |
| 8:43 | Construir | Lumber Camp |
| 9:49 | Crear | Villager (Male) ×5 |
| 10:03 | Construir | House |
| 10:09 | Construir | House |
| 10:12 | Construir | House |
| 11:58 | Construir | Mill |
| 12:13 | Investigar | Feudal Age |
| 12:32 | Construir | Mining Camp |
| 13:27 | Crear | Villager (Male) ×2 |
| 14:23 | Edad | Edad Feudal |
| 15:02 | Crear | Villager (Male) |
| 15:02 | Crear | Villager (Male) |
| 15:14 | Construir | Stone Wall |
| 15:17 | Construir | Stone Wall |
| 15:23 | Construir | Stone Wall |
| 15:26 | Construir | Stone Wall |
| 15:52 | Crear | Villager (Male) ×5 |
| 16:18 | Construir | Blacksmith |
| 16:26 | Construir | Market |
| 16:36 | Construir | Farm |
| 16:52 | Construir | Farm |
| 16:53 | Construir | Farm |
| 16:55 | Construir | Farm |
| 16:56 | Construir | Farm |
| 16:57 | Construir | Farm |
| 16:58 | Construir | Farm |
| 17:00 | Construir | Farm |
| 17:02 | Construir | Farm |
| 17:03 | Construir | Farm |
| 17:04 | Construir | Farm |
| 17:06 | Construir | Farm |
| 17:09 | Investigar | Horse Collar |
| 17:14 | Investigar | Double-Bit Axe |
| 18:39 | Crear | Villager (Male) |
| 18:40 | Crear | Villager (Male) |
| 18:40 | Crear | Villager (Male) |
| 18:41 | Crear | Villager (Male) |
| 18:48 | Construir | Farm |
| 19:30 | Construir | Farm |
| 19:31 | Construir | Farm |
| 19:32 | Construir | Farm |
| 19:34 | Construir | Farm |
| 19:39 | Crear | Villager (Male) ×5 |
| 19:46 | Construir | House |
| 19:49 | Construir | House |
| 19:50 | Construir | House |
| 19:51 | Construir | House |
| 19:52 | Construir | House |
| 19:53 | Construir | House |
| 19:54 | Construir | House |
| 19:56 | Construir | House |
| 21:49 | Construir | Barracks |
| 21:59 | Investigar | Castle Age |
| 22:24 | Construir | Mining Camp |
| 23:22 | Construir | Barracks |
| 24:11 | Investigar | Man-at-Arms (upgrade) |
| 24:12 | Investigar | Arson |
| 24:31 | Crear | Villager (Male) ×5 |
| 24:32 | Crear | Villager (Male) ×5 |
| 24:33 | Crear | Villager (Male) ×4 |
| 24:38 | Investigar | Wheelbarrow |
| 24:39 | Edad | Edad de los Castillos |
| 24:47 | Construir | Town Center |
| 25:04 | Investigar | Gambesons |
| 25:05 | Investigar | Long Swordsman (upgrade) |
| 25:06 | Investigar | Squires |
| 25:41 | Construir | Barracks |
| 26:10 | Construir | Barracks |
| 26:23 | Construir | House |
| 26:24 | Construir | House |
| 26:25 | Construir | House |
| 26:27 | Construir | House |
| 26:32 | Crear | Villager (Male) ×5 |
| 26:33 | Crear | Villager (Male) ×5 |
| 26:33 | Crear | Villager (Male) ×5 |
| 26:33 | Crear | Villager (Male) ×5 |
| 26:44 | Crear | Militia ×5 |
| 27:03 | Crear | Militia ×4 |
| 27:25 | Construir | Barracks |
| 27:45 | Construir | Farm |
| 27:46 | Construir | Farm |
| 27:48 | Construir | Farm |
| 27:55 | Investigar | Forging |
| 27:55 | Investigar | Scale Mail Armor |
| 28:01 | Crear | Militia |
| 28:06 | Investigar | Pikeman (upgrade) |
| 28:13 | Crear | Spearman |
| 28:38 | Construir | Watch Tower |
| 28:42 | Crear | Spearman ×4 |
| 28:42 | Crear | Spearman ×4 |
| 28:44 | Crear | Spearman |
| 28:44 | Crear | Spearman |
| 29:07 | Construir | Siege Workshop |
| 29:11 | Construir | Siege Workshop |
| 29:18 | Crear | Militia ×4 |
| 29:18 | Crear | Militia ×4 |
| 29:33 | Crear | Villager (Male) ×2 |
| 29:43 | Construir | Farm |
| 29:45 | Construir | Farm |
| 29:46 | Construir | Farm |
| 29:47 | Construir | Farm |
| 29:48 | Construir | Farm |
| 29:49 | Construir | Farm |
| 30:06 | Construir | Archery Range |
| 30:08 | Construir | Archery Range |
| 30:09 | Construir | Archery Range |
| 30:13 | Construir | Archery Range |
| 30:16 | Construir | Archery Range |
| 30:18 | Construir | Archery Range |
| 30:31 | Construir | Castle |
| 30:51 | Crear | Armored Elephant |
| 30:52 | Crear | Armored Elephant |
| 31:18 | Construir | Siege Workshop |
| 31:29 | Construir | House |
| 31:30 | Construir | House |
| 31:31 | Construir | House |
| 31:31 | Construir | House |
| 31:33 | Construir | House |
| 31:35 | Construir | House |
| 31:36 | Construir | House |
| 31:42 | Crear | Villager (Male) ×5 |
| 31:47 | Construir | Farm |
| 32:05 | Crear | Armored Elephant |
| 32:24 | Construir | Lumber Camp |
Build order — 海恩.塞弗罗
Primeras 150 de 269 acciones detectadas
| 0:06 | Investigar | Loom |
| 0:10 | Construir | House |
| 0:13 | Construir | House |
| 1:22 | Crear | Villager (Male) |
| 1:22 | Crear | Villager (Male) |
| 1:52 | Construir | Palisade Wall |
| 2:16 | Crear | Villager (Male) |
| 2:17 | Crear | Villager (Male) |
| 2:19 | Crear | Villager (Male) |
| 2:20 | Crear | Villager (Male) |
| 3:17 | Crear | Villager (Male) |
| 3:17 | Crear | Villager (Male) |
| 3:18 | Crear | Villager (Male) |
| 3:18 | Crear | Villager (Male) |
| 4:12 | Crear | Villager (Male) |
| 4:12 | Crear | Villager (Male) |
| 4:13 | Crear | Villager (Male) |
| 4:13 | Crear | Villager (Male) |
| 4:50 | Construir | Lumber Camp |
| 5:03 | Construir | Palisade Wall |
| 5:10 | Construir | Palisade Wall |
| 5:22 | Crear | Villager (Male) |
| 5:22 | Crear | Villager (Male) |
| 5:23 | Crear | Villager (Male) |
| 5:23 | Crear | Villager (Male) |
| 6:15 | Crear | Villager (Male) |
| 6:16 | Crear | Villager (Male) |
| 6:16 | Crear | Villager (Male) |
| 6:16 | Crear | Villager (Male) |
| 6:30 | Construir | Mill |
| 6:33 | Crear | Villager (Male) |
| 6:33 | Crear | Villager (Male) |
| 7:23 | Crear | Villager (Male) |
| 7:23 | Crear | Villager (Male) |
| 7:23 | Crear | Villager (Male) |
| 9:07 | Crear | Villager (Male) |
| 9:08 | Crear | Villager (Male) |
| 9:37 | Construir | Mining Camp |
| 10:04 | Investigar | Feudal Age |
| 12:14 | Edad | Edad Feudal |
| 12:19 | Construir | Blacksmith |
| 12:25 | Investigar | Wheelbarrow |
| 12:43 | Construir | Market |
| 14:35 | Investigar | Castle Age |
| 14:53 | Investigar | Horse Collar |
| 14:56 | Investigar | Double-Bit Axe |
| 16:42 | Construir | Mining Camp |
| 16:46 | Construir | House |
| 16:47 | Construir | House |
| 17:15 | Edad | Edad de los Castillos |
| 17:21 | Construir | Town Center |
| 17:35 | Construir | Town Center |
| 18:01 | Crear | Villager (Male) ×5 |
| 18:14 | Construir | Monastery |
| 18:24 | Investigar | Heavy Plow |
| 18:32 | Crear | Villager (Male) ×5 |
| 18:38 | Crear | Villager (Male) |
| 18:39 | Crear | Villager (Male) |
| 19:05 | Construir | Farm |
| 19:16 | Construir | Farm |
| 19:17 | Construir | Farm |
| 19:18 | Construir | Farm |
| 19:19 | Construir | Farm |
| 19:21 | Construir | Farm |
| 19:33 | Crear | Monk |
| 19:48 | Crear | Villager (Male) ×2 |
| 19:48 | Crear | Villager (Male) ×2 |
| 19:55 | Construir | Farm |
| 19:58 | Construir | Farm |
| 20:00 | Construir | Farm |
| 20:06 | Construir | Farm |
| 20:07 | Construir | Farm |
| 20:12 | Construir | Farm |
| 20:24 | Construir | Farm |
| 20:26 | Construir | Farm |
| 20:29 | Construir | Farm |
| 20:46 | Crear | Villager (Male) ×2 |
| 20:46 | Crear | Villager (Male) ×2 |
| 21:01 | Crear | Villager (Male) ×2 |
| 21:14 | Construir | Town Center |
| 21:22 | Crear | Villager (Male) |
| 21:29 | Construir | Farm |
| 21:38 | Crear | Villager (Male) ×2 |
| 21:39 | Crear | Villager (Male) ×2 |
| 21:58 | Construir | Farm |
| 22:02 | Construir | Farm |
| 22:06 | Construir | Farm |
| 22:15 | Construir | Farm |
| 22:20 | Crear | Villager (Male) ×5 |
| 22:23 | Construir | Farm |
| 22:50 | Crear | Villager (Male) ×3 |
| 22:56 | Crear | Villager (Male) |
| 22:56 | Crear | Villager (Male) |
| 23:03 | Construir | Farm |
| 23:04 | Construir | Farm |
| 23:05 | Construir | Farm |
| 23:07 | Construir | Farm |
| 23:21 | Construir | Farm |
| 23:22 | Construir | Farm |
| 23:23 | Construir | Farm |
| 23:34 | Crear | Villager (Male) ×5 |
| 24:09 | Construir | Stone Wall |
| 24:34 | Construir | Farm |
| 24:34 | Construir | Farm |
| 24:35 | Construir | Farm |
| 24:36 | Construir | Farm |
| 24:37 | Construir | Farm |
| 24:37 | Construir | Farm |
| 24:39 | Construir | Farm |
| 24:48 | Crear | Villager (Male) ×5 |
| 24:53 | Crear | Villager (Male) ×5 |
| 25:11 | Construir | House |
| 25:12 | Construir | House |
| 25:14 | Construir | House |
| 25:15 | Construir | House |
| 25:16 | Construir | House |
| 25:55 | Crear | Villager (Male) ×5 |
| 26:14 | Construir | Stone Wall |
| 26:29 | Crear | Villager (Male) ×5 |
| 27:01 | Construir | University |
| 27:11 | Construir | Farm |
| 27:24 | Investigar | Hand Cart |
| 27:24 | Investigar | Town Watch |
| 27:28 | Crear | Villager (Male) |
| 27:28 | Crear | Villager (Male) |
| 27:31 | Crear | Villager (Male) |
| 27:31 | Crear | Villager (Male) |
| 27:34 | Construir | Lumber Camp |
| 27:56 | Investigar | Imperial Age |
| 28:36 | Construir | Outpost |
| 28:43 | Construir | Outpost |
| 28:52 | Construir | Outpost |
| 28:59 | Investigar | Gold Mining |
| 29:01 | Investigar | Stone Mining |
| 29:05 | Investigar | Bow Saw |
| 29:09 | Crear | Villager (Male) ×5 |
| 29:12 | Investigar | Town Patrol |
| 29:14 | Crear | Villager (Male) ×5 |
| 29:38 | Construir | Barracks |
| 30:01 | Construir | Outpost |
| 30:03 | Construir | Outpost |
| 30:05 | Construir | Outpost |
| 30:06 | Construir | Outpost |
| 30:20 | Crear | Villager (Male) ×5 |
| 30:29 | Construir | Mining Camp |
| 30:35 | Investigar | Fletching |
| 30:35 | Investigar | Padded Archer Armor |
| 30:52 | Construir | Mining Camp |
| 31:00 | Investigar | Ballistics |
| 31:04 | Investigar | Fortified Wall (upgrade) |
Build order — Neby
Primeras 150 de 307 acciones detectadas
| 0:12 | Construir | House |
| 0:12 | Construir | House |
| 0:13 | Construir | House |
| 0:14 | Construir | House |
| 0:16 | Investigar | Loom |
| 0:16 | Crear | Villager (Male) |
| 0:17 | Crear | Villager (Male) |
| 0:17 | Crear | Villager (Male) |
| 0:17 | Crear | Villager (Male) |
| 0:17 | Crear | Villager (Male) |
| 2:02 | Crear | Villager (Male) |
| 2:02 | Crear | Villager (Male) |
| 2:47 | Crear | Villager (Male) |
| 3:26 | Crear | Villager (Male) |
| 3:26 | Crear | Villager (Male) |
| 3:51 | Crear | Villager (Male) |
| 3:51 | Crear | Villager (Male) |
| 3:52 | Crear | Villager (Male) |
| 3:52 | Crear | Villager (Male) |
| 4:20 | Crear | Villager (Male) |
| 4:20 | Crear | Villager (Male) |
| 4:44 | Crear | Villager (Male) |
| 4:45 | Crear | Villager (Male) |
| 4:45 | Crear | Villager (Male) |
| 5:09 | Crear | Villager (Male) |
| 5:09 | Crear | Villager (Male) |
| 5:33 | Crear | Villager (Male) |
| 5:33 | Crear | Villager (Male) |
| 5:33 | Crear | Villager (Male) |
| 6:16 | Construir | Mill |
| 6:21 | Crear | Villager (Male) |
| 7:28 | Crear | Villager (Male) |
| 7:28 | Crear | Villager (Male) |
| 7:28 | Crear | Villager (Male) |
| 8:37 | Construir | Lumber Camp |
| 8:50 | Crear | Villager (Male) |
| 9:01 | Construir | House |
| 9:01 | Construir | House |
| 9:03 | Construir | House |
| 9:04 | Construir | House |
| 9:28 | Crear | Villager (Male) |
| 9:29 | Crear | Villager (Male) |
| 9:29 | Crear | Villager (Male) |
| 9:59 | Investigar | Feudal Age |
| 10:28 | Construir | Farm |
| 10:29 | Construir | Farm |
| 10:31 | Construir | Farm |
| 10:31 | Construir | Farm |
| 10:33 | Construir | Farm |
| 10:35 | Construir | Farm |
| 10:37 | Construir | Farm |
| 10:42 | Construir | Farm |
| 10:43 | Construir | Farm |
| 12:50 | Crear | Villager (Male) |
| 12:50 | Crear | Villager (Male) |
| 12:50 | Crear | Villager (Male) |
| 12:51 | Crear | Villager (Male) |
| 12:53 | Edad | Edad Feudal |
| 12:54 | Investigar | Horse Collar |
| 12:56 | Investigar | Double-Bit Axe |
| 13:14 | Construir | Market |
| 13:23 | Construir | Blacksmith |
| 13:41 | Investigar | Wheelbarrow |
| 14:02 | Construir | House |
| 14:03 | Construir | House |
| 14:04 | Construir | House |
| 14:05 | Construir | House |
| 14:29 | Crear | Villager (Male) |
| 14:29 | Crear | Villager (Male) |
| 14:52 | Construir | Mining Camp |
| 15:47 | Crear | Trade Cart |
| 15:52 | Crear | Villager (Male) |
| 15:52 | Crear | Villager (Male) |
| 15:52 | Crear | Villager (Male) |
| 16:00 | Investigar | Gold Mining |
| 16:08 | Construir | Farm |
| 16:08 | Construir | Farm |
| 16:09 | Construir | Farm |
| 16:10 | Construir | Farm |
| 16:12 | Construir | Farm |
| 16:14 | Construir | Farm |
| 16:22 | Construir | Farm |
| 16:34 | Construir | Farm |
| 16:40 | Construir | Farm |
| 17:41 | Crear | Villager (Male) |
| 18:07 | Crear | Villager (Male) |
| 18:47 | Investigar | Castle Age |
| 18:55 | Construir | Mining Camp |
| 19:18 | Crear | Trade Cart |
| 19:19 | Crear | Trade Cart |
| 19:19 | Crear | Trade Cart |
| 20:26 | Crear | Trade Cart |
| 20:26 | Crear | Trade Cart |
| 20:30 | Investigar | Stone Mining |
| 20:50 | Crear | Villager (Male) |
| 20:50 | Crear | Villager (Male) |
| 20:50 | Crear | Villager (Male) |
| 20:51 | Crear | Villager (Male) |
| 20:51 | Crear | Villager (Male) |
| 21:27 | Edad | Edad de los Castillos |
| 21:32 | Construir | Town Center |
| 22:18 | Investigar | Caravan |
| 22:18 | Crear | Trade Cart |
| 22:19 | Crear | Trade Cart |
| 22:19 | Crear | Trade Cart |
| 22:21 | Investigar | Heavy Plow |
| 22:33 | Crear | Villager (Male) |
| 22:33 | Crear | Villager (Male) |
| 22:33 | Crear | Villager (Male) |
| 22:34 | Crear | Villager (Male) |
| 22:34 | Crear | Villager (Male) |
| 22:34 | Crear | Villager (Male) |
| 22:34 | Crear | Villager (Male) |
| 22:34 | Crear | Villager (Male) |
| 22:38 | Crear | Villager (Male) |
| 22:38 | Crear | Villager (Male) |
| 22:38 | Crear | Villager (Male) |
| 22:38 | Crear | Villager (Male) |
| 24:11 | Construir | Town Center |
| 24:54 | Crear | Villager (Male) |
| 24:54 | Crear | Villager (Male) |
| 24:59 | Crear | Villager (Male) |
| 25:00 | Crear | Villager (Male) |
| 25:04 | Crear | Villager (Male) |
| 25:04 | Crear | Villager (Male) |
| 25:04 | Crear | Villager (Male) |
| 25:11 | Crear | Villager (Male) |
| 25:11 | Crear | Villager (Male) |
| 25:11 | Crear | Villager (Male) |
| 25:11 | Crear | Villager (Male) |
| 25:12 | Crear | Villager (Male) |
| 25:12 | Crear | Villager (Male) |
| 25:28 | Construir | Barracks |
| 25:56 | Crear | Villager (Male) |
| 25:56 | Crear | Villager (Male) |
| 25:56 | Crear | Villager (Male) |
| 25:56 | Crear | Villager (Male) |
| 26:22 | Construir | Castle |
| 26:29 | Investigar | Stone Shaft Mining |
| 26:32 | Crear | Villager (Male) |
| 26:32 | Crear | Villager (Male) |
| 26:41 | Crear | Villager (Male) |
| 26:41 | Crear | Villager (Male) |
| 26:53 | Construir | Stable |
| 27:08 | Construir | House |
| 27:09 | Construir | House |
| 27:10 | Construir | House |
| 27:12 | Construir | House |
| 27:13 | Construir | House |
| 27:13 | Construir | House |
Build order — Biscoitoso
Primeras 150 de 320 acciones detectadas
| 0:04 | Crear | Villager (Male) |
| 0:12 | Construir | House |
| 0:14 | Investigar | Loom |
| 0:49 | Construir | House |
| 1:00 | Construir | House |
| 1:27 | Crear | Villager (Male) |
| 1:28 | Crear | Villager (Male) |
| 1:29 | Crear | Villager (Male) |
| 1:29 | Crear | Villager (Male) |
| 1:41 | Construir | Lumber Camp |
| 1:48 | Crear | Villager (Male) |
| 2:31 | Crear | Villager (Male) |
| 3:14 | Crear | Villager (Male) |
| 3:58 | Crear | Villager (Male) |
| 4:19 | Construir | House |
| 4:26 | Crear | Villager (Male) |
| 4:28 | Crear | Villager (Male) |
| 5:03 | Construir | House |
| 5:35 | Crear | Villager (Male) |
| 5:36 | Crear | Villager (Male) |
| 5:36 | Crear | Villager (Male) |
| 5:36 | Crear | Villager (Male) |
| 6:09 | Construir | Lumber Camp |
| 6:25 | Crear | Villager (Male) |
| 6:33 | Crear | Villager (Male) |
| 6:35 | Crear | Villager (Male) |
| 7:25 | Construir | Mill |
| 7:56 | Crear | Villager (Male) |
| 8:31 | Crear | Villager (Male) |
| 8:46 | Crear | Villager (Male) |
| 8:46 | Crear | Villager (Male) |
| 9:08 | Crear | Villager (Male) |
| 9:14 | Construir | House |
| 9:15 | Construir | House |
| 9:16 | Construir | House |
| 9:30 | Construir | Dock |
| 9:52 | Construir | Dock |
| 10:07 | Crear | Villager (Male) |
| 10:32 | Crear | Villager (Male) |
| 11:03 | Construir | Mill |
| 11:06 | Crear | Villager (Male) |
| 11:11 | Investigar | Feudal Age |
| 11:38 | Construir | Mining Camp |
| 13:38 | Crear | Villager (Male) |
| 13:38 | Crear | Villager (Male) |
| 13:41 | Edad | Edad Feudal |
| 14:08 | Construir | Town Center |
| 14:15 | Investigar | Horse Collar |
| 14:22 | Investigar | Double-Bit Axe |
| 14:35 | Construir | Barracks |
| 14:42 | Crear | Villager (Male) |
| 14:43 | Crear | Villager (Male) |
| 14:44 | Crear | Villager (Male) |
| 14:55 | Construir | House |
| 15:08 | Crear | Fishing Ship |
| 15:09 | Crear | Fishing Ship |
| 15:41 | Construir | Lumber Camp |
| 15:50 | Investigar | Man-at-Arms (upgrade) |
| 16:03 | Crear | Villager (Male) |
| 16:05 | Crear | Villager (Male) |
| 16:48 | Crear | Villager (Male) |
| 16:49 | Crear | Villager (Male) |
| 16:56 | Crear | Militia |
| 16:56 | Crear | Militia |
| 16:58 | Investigar | Arson |
| 16:58 | Crear | Militia |
| 17:09 | Construir | Barracks |
| 17:16 | Construir | Blacksmith |
| 17:21 | Crear | Villager (Male) |
| 17:22 | Crear | Villager (Male) |
| 17:22 | Crear | Villager (Male) |
| 17:23 | Crear | Villager (Male) |
| 17:32 | Construir | Farm |
| 18:00 | Crear | Villager (Male) |
| 18:06 | Construir | Farm |
| 18:09 | Crear | Villager (Male) |
| 18:22 | Construir | Siege Workshop |
| 18:31 | Crear | Spearman |
| 18:32 | Crear | Spearman |
| 18:33 | Crear | Militia |
| 18:33 | Crear | Militia |
| 18:42 | Construir | Farm |
| 18:43 | Crear | Villager (Male) |
| 19:03 | Construir | House |
| 19:05 | Construir | House |
| 19:06 | Construir | House |
| 19:08 | Construir | House |
| 19:13 | Construir | Farm |
| 19:15 | Crear | Villager (Male) |
| 19:20 | Crear | Battering Ram |
| 19:21 | Crear | Battering Ram |
| 19:25 | Crear | Militia |
| 19:55 | Crear | Militia |
| 20:02 | Construir | Farm |
| 20:07 | Crear | Villager (Male) |
| 20:10 | Construir | Farm |
| 20:14 | Construir | Farm |
| 20:23 | Crear | Battering Ram |
| 20:24 | Crear | Battering Ram |
| 20:45 | Crear | Militia |
| 20:46 | Crear | Militia |
| 20:50 | Crear | Villager (Male) |
| 20:50 | Crear | Villager (Male) |
| 20:56 | Construir | Farm |
| 21:16 | Crear | Spearman |
| 21:17 | Crear | Spearman |
| 21:18 | Crear | Militia |
| 21:18 | Crear | Militia |
| 21:32 | Construir | Farm |
| 21:34 | Crear | Villager (Male) |
| 21:34 | Crear | Villager (Male) |
| 21:57 | Construir | House |
| 21:59 | Construir | House |
| 22:00 | Construir | House |
| 22:01 | Construir | House |
| 22:06 | Construir | Farm |
| 22:42 | Crear | Spearman |
| 22:42 | Crear | Spearman |
| 23:46 | Crear | Battering Ram |
| 23:46 | Crear | Battering Ram |
| 24:12 | Crear | Spearman |
| 24:12 | Crear | Spearman |
| 24:18 | Crear | Villager (Male) |
| 24:18 | Crear | Villager (Male) |
| 24:19 | Crear | Villager (Male) |
| 24:21 | Construir | Farm |
| 24:22 | Construir | Farm |
| 25:21 | Crear | Battering Ram |
| 25:39 | Construir | Farm |
| 25:41 | Construir | Farm |
| 25:43 | Crear | Villager (Male) |
| 25:43 | Crear | Villager (Male) |
| 25:43 | Crear | Villager (Male) |
| 26:03 | Investigar | Forging |
| 26:03 | Investigar | Scale Barding Armor |
| 26:07 | Construir | Farm |
| 26:09 | Crear | Villager (Male) |
| 26:13 | Construir | Farm |
| 27:17 | Construir | Farm |
| 27:18 | Construir | Farm |
| 27:21 | Crear | Villager (Male) |
| 28:06 | Construir | Farm |
| 28:27 | Investigar | Castle Age |
| 28:34 | Crear | Villager (Male) |
| 29:02 | Crear | Spearman |
| 29:02 | Crear | Spearman |
| 29:02 | Crear | Spearman |
| 29:03 | Crear | Spearman |
| 29:03 | Crear | Spearman |
| 29:11 | Construir | Farm |
Cronología de la partida
| 0:15 | Miley · wall_segment Palisade Wall x17 |
| 0:58 | Ratbass · wall_segment Palisade Wall x14 |
| 1:07 | bbartekkhhh · wall_segment Palisade Wall x12 |
| 1:16 | Miley · wall_segment Palisade Wall x1 |
| 1:17 | Miley · wall_segment Palisade Wall x1 |
| 1:19 | Miley · wall_segment Palisade Wall x15 |
| 1:52 | 海恩.塞弗罗 · wall_segment Palisade Wall x10 |
| 2:06 | bbartekkhhh · wall_segment Palisade Wall x13 |
| 2:43 | Ratbass · wall_segment Palisade Wall x1 |
| 2:45 | Ratbass · wall_segment Palisade Wall x1 |
| 2:55 | Ratbass · wall_segment Palisade Wall x1 |
| 2:58 | Ratbass · wall_segment Palisade Wall x1 |
| 3:00 | Ratbass · wall_segment Palisade Wall x1 |
| 3:02 | Ratbass · wall_segment Palisade Wall x1 |
| 3:04 | Fluvialgeomorphologist · wall_segment Palisade Wall x1 |
| 5:00 | Miley · wall_segment Palisade Wall x7 |
| 5:03 | 海恩.塞弗罗 · wall_segment Palisade Wall x2 |
| 5:10 | 海恩.塞弗罗 · wall_segment Palisade Wall x7 |
| 5:24 | Miley · wall_segment Palisade Wall x4 |
| 5:28 | Miley · wall_segment Palisade Wall x3 |
| 5:49 | Miley · wall_segment Palisade Wall x1 |
| 5:55 | Miley · wall_segment Palisade Wall x1 |
| 8:07 | Miley · wall_segment Palisade Wall x5 |
| 8:13 | Fluvialgeomorphologist · wall_segment Palisade Wall x8 |
| 9:30 | Biscoitoso · first_building Dock |
| 11:36 | Ratbass · first_building Barracks |
| 11:46 | FloxAoE · age_up feudal |
| 12:13 | Fluvialgeomorphologist · age_up feudal |
| 12:14 | 海恩.塞弗罗 · age_up feudal |
| 12:53 | Neby · age_up feudal |
| 12:54 | Miley · wall_segment Palisade Wall x1 |
| 13:31 | Miley · first_building Barracks |
| 13:41 | Biscoitoso · age_up feudal |
| 13:58 | Ratbass · age_up feudal |
| 14:18 | Miley · wall_segment Palisade Wall x1 |
| 14:19 | Miley · wall_segment Palisade Wall x1 |
| 14:20 | Miley · wall_segment Palisade Wall x1 |
| 14:22 | Miley · wall_segment Palisade Wall x1 |
| 14:23 | bbartekkhhh · age_up feudal |
| 14:32 | Fluvialgeomorphologist · first_building Barracks |
| 14:35 | Biscoitoso · first_building Barracks |
| 14:45 | Miley · age_up feudal |
| 14:58 | Miley · first_building Archery Range |
| 15:11 | Ratbass · first_building Stable |
| 15:14 | bbartekkhhh · wall_segment Stone Wall x11 |
| 15:17 | bbartekkhhh · wall_segment Stone Wall x1 |
| 15:23 | bbartekkhhh · wall_segment Stone Wall x15 |
| 15:26 | bbartekkhhh · wall_segment Stone Wall x1 |
| 15:35 | Ratbass · wall_segment Palisade Wall x1 |
| 15:36 | Ratbass · wall_segment Palisade Wall x1 |
| 15:38 | Ratbass · wall_segment Palisade Wall x1 |
| 15:50 | Ratbass · wall_segment Stone Wall x7 |
| 15:52 | Ratbass · wall_segment Stone Wall x18 |
| 16:20 | Ratbass · first_building Dock |
| 17:15 | 海恩.塞弗罗 · age_up castle |
| 17:35 | Fluvialgeomorphologist · age_up castle |
| 18:14 | 海恩.塞弗罗 · first_building Monastery |
| 18:22 | Biscoitoso · first_building Siege Workshop |
| 18:57 | Miley · wall_segment Palisade Wall x9 |
| 19:25 | Ratbass · wall_segment Stone Wall x3 |
| 19:58 | FloxAoE · first_market_sell 500 food |
| 20:01 | FloxAoE · first_market_buy 500 stone |
| 20:06 | Ratbass · wall_segment Stone Wall x8 |
| 20:10 | Fluvialgeomorphologist · first_building Stable |
| 20:46 | FloxAoE · age_up castle |
| 21:25 | FloxAoE · first_building Castle |
| 21:27 | Neby · age_up castle |
| 21:49 | bbartekkhhh · first_building Barracks |
| 22:10 | Ratbass · wall_segment Stone Wall x2 |
| 22:12 | Ratbass · wall_segment Stone Wall x8 |
| 22:26 | Ratbass · wall_segment Palisade Wall x1 |
| 22:28 | Ratbass · wall_segment Palisade Wall x1 |
| 22:29 | Ratbass · wall_segment Palisade Wall x1 |
| 22:38 | Miley · first_market_sell 100 food |
| 22:41 | Ratbass · age_up castle |
| 23:43 | Ratbass · first_market_buy 100 wood |
| 24:09 | 海恩.塞弗罗 · wall_segment Stone Wall x11 |
| 24:31 | Ratbass · first_building Siege Workshop |
| 24:38 | Miley · wall_segment Stone Wall x9 |
| 24:39 | bbartekkhhh · age_up castle |
| 24:42 | Fluvialgeomorphologist · first_building Siege Workshop |
| 25:12 | Ratbass · first_market_sell 100 stone |
| 25:20 | Miley · age_up castle |
| 25:28 | Neby · first_building Barracks |
| 26:14 | 海恩.塞弗罗 · wall_segment Stone Wall x15 |
| 26:22 | Neby · first_building Castle |
| 26:24 | Ratbass · wall_segment Stone Wall x13 |
| 26:53 | Neby · first_building Stable |
| 26:54 | Ratbass · first_building Castle |
| 26:58 | Ratbass · wall_segment Stone Wall x1 |
| 27:00 | Ratbass · wall_segment Stone Wall x1 |
| 27:01 | Fluvialgeomorphologist · first_building Castle |
| 27:02 | Ratbass · wall_segment Stone Wall x1 |
| 27:06 | Ratbass · wall_segment Stone Wall x1 |
| 28:06 | Ratbass · wall_segment Stone Wall x8 |
| 29:07 | Neby · first_building Siege Workshop |
| 29:07 | bbartekkhhh · first_building Siege Workshop |
| 29:38 | 海恩.塞弗罗 · first_building Barracks |
| 30:06 | bbartekkhhh · first_building Archery Range |
| 30:08 | Biscoitoso · first_building Archery Range |
| 30:31 | bbartekkhhh · first_building Castle |
| 30:54 | Miley · first_building Monastery |
| 31:06 | 海恩.塞弗罗 · age_up imperial |
| 31:07 | Biscoitoso · age_up castle |
| 31:14 | Ratbass · wall_segment Stone Wall x9 |
| 32:35 | Miley · wall_segment Stone Wall x8 |
| 33:16 | 海恩.塞弗罗 · first_building Castle |
| 34:54 | Miley · age_up imperial |
| 35:13 | Neby · age_up imperial |
| 35:34 | 海恩.塞弗罗 · first_building Siege Workshop |
| 35:49 | Fluvialgeomorphologist · age_up imperial |
| 36:17 | Ratbass · wall_segment Stone Wall x5 |
| 36:19 | Ratbass · wall_segment Stone Wall x8 |
| 36:19 | bbartekkhhh · wall_segment Stone Wall x2 |
| 36:27 | bbartekkhhh · wall_segment Stone Wall x1 |
| 36:28 | Fluvialgeomorphologist · first_building Monastery |
| 36:32 | bbartekkhhh · wall_segment Stone Wall x18 |
| 37:56 | Biscoitoso · first_building Monastery |
| 40:00 | Miley · first_building Siege Workshop |
| 40:27 | Miley · first_building Castle |
| 40:46 | Fluvialgeomorphologist · first_building Archery Range |
| 41:45 | Miley · wall_segment Stone Wall x6 |
| 41:53 | bbartekkhhh · age_up imperial |
| 45:08 | Ratbass · age_up imperial |
| 45:17 | Ratbass · first_building Archery Range |
| 45:26 | Biscoitoso · age_up imperial |
| 45:30 | FloxAoE · first_building Stable |
| 46:22 | FloxAoE · age_up imperial |
| 48:11 | bbartekkhhh · resign |
[ ANÁLISIS IA · 1 CRÉDITO ]
¿Qué pasó realmente en esta partida?
Wolo.gg analiza cada decisión: build order, eco, micro, errores típicos por bracket. Análisis personalizado por WhatsApp o Discord en 30 segundos.
Guía civ
Lituanos
Perfil
Jugador #1329902